 Dungeon Crawl Stone Soup version 0.22-a0-271-gc000056 (webtiles) character file.

831 matakusis the Summoner (level 7, -3/32 HPs)
             Began as a Deep Elf Summoner on Mar 11, 2018.
             Was a Follower of Sif Muna.
             Slain by an orc warrior
             ... wielding a +0 trident
              (21 damage)
             ... on level 6 of the Dungeon.
             The game lasted 00:31:30 (5494 turns).

matakusis the Summoner (Deep Elf Summoner)          Turns: 5494, Time: 00:31:31

Health: -3/32      AC:  6    Str:  4 (5)  XL:     7   Next: 65%
Magic:  2/17       EV: 13    Int: 19 (22) God:    Sif Muna [*.....]
Gold:   277        SH:  0    Dex: 14 (15) Spells: 8/19 levels left

rFire    + . .     SeeInvis +   m - +3 quarterstaff (chaos)
rCold    . . .     Gourm    .   (shield currently unavailable)
rNeg     . . .     Faith    .   v - +0 robe {rF+}
rPois    .         Spirit   .   o - +0 helmet
rElec    .         Reflect  .   s - +1 cloak {+Inv}
rCorr    .         Harm     .   r - +0 pair of gloves
MR       .....                  (no boots)
Stlth    ++........             (no amulet)
HPRegen  0.10/turn              k - ring of see invisible
MPRegen  0.15/turn              (no ring)

@: no status effects
A: talons 1, frail 1, low mp 1, screaming 1
a: Divine Energy, Renounce Religion, Evoke Invisibility


You were on level 6 of the Dungeon.
You worshipped Sif Muna.
Sif Muna was aware of your devotion.
You were hungry.

You visited 2 branches of the dungeon, and saw 7 of its levels.

You collected 277 gold pieces.

Inventory:

Hand Weapons
 m - a +3 quarterstaff of chaos (weapon)
Missiles
 j - 29 arrows
Armour
 o - a +0 helmet (worn)
 r - a +0 pair of gloves (worn)
 s - a +1 cloak of invisibility (worn)
 v - a +0 robe of fire resistance (worn)
Jewellery
 k - a ring of see invisible (left hand)
Wands
 l - a wand of random effects (27)
Scrolls
 d - 2 scrolls of remove curse
 e - a scroll of enchant weapon
 t - a scroll of magic mapping
 u - 3 scrolls of teleportation
Potions
 b - a potion of brilliance
 f - 2 potions of flight
 g - 2 potions of ambrosia
 h - 2 potions of lignification
 i - 3 potions of curing
Comestibles
 c - 13 rations


   Skills:
 - Level 2.4 Dodging
 - Level 2.4 Stealth
 + Level 6.7 Spellcasting
 * Level 8.5 Summonings
 + Level 1.7 Ice Magic
 - Level 2.0 Air Magic


You had 8 spell levels left.
You knew the following spells:

 Your Spells              Type           Power        Failure   Level  Hunger
a - Summon Small Mammal   Summ           ####         1%          1    None
b - Call Imp              Summ           #####...     1%          2    None
c - Summon Ice Beast      Ice/Summ       ####....     12%         4    ####...
d - Summon Lightning Spi  Summ/Air       ####....     12%         4    ####...


Dungeon Overview and Level Annotations

Branches:
Dungeon (6/15)             Temple (1/1) D:4

Altars:
Ashenzari
Cheibriados
Dithmenos
Elyvilon
Fedhas
Gozag
Hepliaklqana
Kikubaaqudgha
Makhleb
Nemelex Xobeh
Okawaru
Qazlal
Ru
Sif Muna
Trog
Uskayaw
Vehumet
Wu Jian
Xom
Yredelemnul
Zin
The Shining One

Shops:
D:5 *


Innate Abilities, Weirdness & Mutations

You have sharp toenails.
You are frail. (-10% HP)
Your magical capacity is low. (-10% MP)
You occasionally shout uncontrollably at your foes.


Message History

Your ice beast barely misses the orc warrior.
You hit the orc warrior but do no damage.
The orc warrior is poisoned.
The orc warrior is lightly wounded.
The orc warrior hits you with a trident!!
Ouch! That really hurt!
* * * LOW HITPOINT WARNING * * *
Your ice beast hits the orc warrior but does no damage.
You feel much better.
The orc warrior hits you with a trident!
Your ice beast hits the orc warrior but does no damage.
Your ice beast hits the orc warrior but does no damage.
The orc warrior completely misses you.
Your ice beast misses the orc warrior.
Casting: Summon Ice Beast (safe; 12% risk of failure)
Confirm with . or Enter, or press ? or * to list all spells.
A beastly little devil appears in a puff of flame.
The orc warrior hits you from afar with a trident!!
Ouch! That really hurt!
You die...

#........# #.#
#........# #.#
##........#
#.#.#
#.........#
#.#.#
#..#.######
#.#.# #..#Y#
#.#.# #..#o#
#.#.# #..#.#
#####.#.###..#@#
#.....#......#.#
##.##........#5#
#.###.#.....#.#
#.# #.###..##.#
#.# #.# #..##.#
#.# #.# #.8##.#
#.# #.# #..##.#
#.# #.# #..#


You could see an orc warrior, a friendly ice beast and a friendly crimson imp.

Vanquished Creatures
  A sky beast (D:5)
  An orc wizard (D:3)
  Ijyb (D:4)
  An ooze (D:3)
  An adder skeleton (D:4)
  A worm (D:3)
  A leopard gecko (D:3)
  2 orcs
  2 ball pythons
  A bat (D:3)
  A giant cockroach (D:1)
  A goblin (D:2)
  A hobgoblin (D:3)
  A jackal (D:5)
  2 frilled lizards
  A kobold (D:3)
  A fungus (D:2)
20 creatures vanquished.

Vanquished Creatures (collateral kills)
  Grinder (D:3)
  A sky beast (D:5)
  An ice beast (D:5)
  An ogre (D:3)
  A scorpion (D:4)
  2 crimson imps (D:5)
  A bullfrog skeleton (D:5)
  3 jellies (D:3)
  An orc priest (D:5)
  Crazy Yiuf (D:2)
  A gnoll shaman (D:3)
  A hound (D:4)
  2 iguanas
  3 orc wizards
  5 worker ants
  Robin (D:2)
  7 gnolls
  9 adders
  A shadow imp (D:5)
  10 oozes
  An adder zombie (D:6)
  An adder skeleton (D:2)
  2 worms (D:2)
  5 dart slugs
  5 leopard geckos
  11 orcs
  2 bats (D:2)
  6 giant cockroaches
  6 goblins
  8 hobgoblins (D:2)
  3 jackals (D:5)
  2 quokkas
  4 frilled lizards
  15 kobolds
  2 rats
126 creatures vanquished.

Vanquished Creatures (others)
  8 toadstools (D:3)
8 creatures vanquished.

Grand Total: 154 creatures vanquished

Notes
Turn   | Place    | Note
-------+----------+-------------------------------------------
     0 | D:1      | matakusis the Deep Elf Summoner began the quest for the Orb.
     0 | D:1      | Reached XP level 1. HP: 10/10 MP: 6/6
   427 | D:1      | Reached XP level 2. HP: 15/15 MP: 4/8
   431 | D:1      | Learned a level 2 spell: Call Imp
  1086 | D:2      | Reached skill level 5 in Summonings
  1227 | D:2      | Noticed Robin
  1233 | D:2      | Killed Robin
  1249 | D:2      | Reached XP level 3. HP: 5/19 MP: 2/10
  1294 | D:2      | Gained mutation: You occasionally shout uncontrollably at your foes. [potion of mutation]
  1294 | D:2      | Gained mutation: You are somewhat resistant to further mutation. [potion of mutation]
  1294 | D:2      | Gained mutation: Your spells are a little harder to cast, but a little more powerful. [potion of mutation]
  1329 | D:2      | Lost mutation: You occasionally shout uncontrollably at your foes. [potion of mutation]
  1329 | D:2      | Lost mutation: You are somewhat resistant to further mutation. [potion of mutation]
  1329 | D:2      | Lost mutation: Your spells are a little harder to cast, but a little more powerful. [potion of mutation]
  1329 | D:2      | Gained mutation: You have a pair of small horns on your head. [potion of mutation]
  1329 | D:2      | Gained mutation: You possess an exceptional clarity of mind. [potion of mutation]
  1329 | D:2      | Gained mutation: You passively map a small area around you. [potion of mutation]
  1330 | D:2      | Lost mutation: You passively map a small area around you. [potion of mutation]
  1330 | D:2      | Lost mutation: You have a pair of small horns on your head. [potion of mutation]
  1330 | D:2      | Gained mutation: Your spells are a little easier to cast, but a little less powerful. [potion of mutation]
  1330 | D:2      | Gained mutation: Your flesh is heat resistant. (rF+) [potion of mutation]
  1499 | D:2      | Reached XP level 4. HP: 10/24 MP: 0/12
  1750 | D:2      | Found an ancient bone altar of Kikubaaqudgha.
  1839 | D:2      | Reached skill level 6 in Summonings
  1850 | D:2      | Learned a level 4 spell: Summon Ice Beast
  1855 | D:2      | Learned a level 4 spell: Summon Lightning Spire
  2279 | D:2      | Found a runed door.
  2283 | D:2      | Noticed Crazy Yiuf
  2293 | D:2      | Killed Crazy Yiuf
  2405 | D:3      | Noticed an ogre
  2793 | D:3      | Reached XP level 5. HP: 27/28 MP: 8/13
  2797 | D:3      | Killed an ogre
  2954 | D:3      | Found a sacrificial altar of Ru.
  3024 | D:3      | Reached skill level 5 in Spellcasting
  3235 | D:3      | Reached skill level 7 in Summonings
  3235 | D:3      | Reached skill level 1 in Air Magic
  3235 | D:3      | Reached XP level 6. HP: 32/32 MP: 3/15
  3426 | D:3      | Noticed Grinder
  3429 | D:3      | Killed Grinder
  3761 | D:4      | Noticed Ijyb
  3771 | D:4      | Killed Ijyb
  3848 | D:4      | Reached skill level 1 in Ice Magic
  4046 | D:4      | Reached XP level 7. HP: 36/36 MP: 9/18
  4179 | D:4      | Found a staircase to the Ecumenical Temple.
  4185 | Temple   | Entered the Ecumenical Temple
  4263 | Temple   | Became a worshipper of Sif Muna the Loreminder
  4361 | D:4      | Found a basalt altar of Yredelemnul.
  4367 | D:4      | Found an ornate altar of the Wu Jian Council.
  4368 | D:4      | Found a blossoming altar of Fedhas.
  4569 | D:5      | Entered Level 5 of the Dungeon
  4678 | D:5      | Reached skill level 8 in Summonings
  4922 | D:5      | Found a radiant altar of Vehumet.
  5007 | D:5      | Lost mutation: You possess an exceptional clarity of mind. [potion of mutation]
  5007 | D:5      | Lost mutation: Your spells are a little easier to cast, but a little less powerful. [potion of mutation]
  5007 | D:5      | Lost mutation: Your flesh is heat resistant. (rF+) [potion of mutation]
  5007 | D:5      | Gained mutation: Your magical capacity is low. (-10% MP) [potion of mutation]
  5007 | D:5      | Gained mutation: You are frail. (-10% HP) [potion of mutation]
  5007 | D:5      | Gained mutation: You occasionally shout uncontrollably at your foes. [potion of mutation]
  5007 | D:5      | Gained mutation: You have sharp toenails. [potion of mutation]
  5347 | D:5      | Found Woklaroe's Assorted Antiques.
  5460 | D:6      | Reached * piety under Sif Muna
  5494 | D:6      | Slain by an orc warrior

Vault maps used:
D:1:      minmay_arrival_arboretum_large
D:2:      lemuel_upstairs_altar, old_standard_altar, uniq_robin,
          uniq_crazy_yiuf_cottage
D:3:      cheibrodos_fertilizer, nicolae_ru_path_of_blood, first_ration,
          uniq_grinder
D:4:      nicolae_overflow_hidden_temple, minmay_temple_entry_enclosed_plants,
          uniq_ijyb
D:5:      vehumet_crystals, serial_shops, kennysheep_little_box,
          solitary_fountain
Temple:   compressed_dpeg_circular_temple

Skill      XL: |  1  2  3  4  5  6  7 |
---------------+----------------------+-----
Summonings     | 5 6 7 8 |  8.5
Spellcasting   | 4 5 6 |  6.7
Air Magic      | 1 2 |  2.0
Ice Magic      | 1 |  1.7
Dodging        | |  2.4
Stealth        | |  2.4

Action                   |  1- 3 |  4- 6 |  7- 9 || total
-------------------------+-------+-------+-------++-------
Melee: Unarmed           |    10 |       |       ||    10
       Dagger            |    23 |    35 |       ||    58
       Quarterstaff      |       |    29 |    10 ||    39
       Kick              |       |       |     1 ||     1
 Cast: Summon Small Mamm |    31 |       |       ||    31
       Call Imp          |    23 |    34 |     2 ||    59
       Summon Lightning  |       |    13 |    14 ||    27
       Summon Ice Beast  |       |    12 |    10 ||    22
  Use: Scroll            |     5 |     7 |     4 ||    16
       Potion            |     3 |     1 |     4 ||     8
 Stab: Sleeping          |     2 |     1 |       ||     3
       Distracted        |       |     4 |       ||     4
       Petrifying        |       |     1 |       ||     1
  Eat: Chunk             |     2 |    10 |     4 ||    16
       Ration            |       |     1 |     1 ||     2
Armor: Robe              |    15 |    15 |     1 ||    31
Dodge: Dodged            |    40 |    52 |    19 ||   111

Table legend:
 A = Spawn XP
 B = Non-spawn XP
 C = Spawn XP percentage of total XP
 D = Spawn monster count
 E = Non-spawn monster count
 F = Spawn count percentage of total count
 G = Total turns spent on level
                    A         B        C        D         E        F      G
               +---------+---------+-------+---------+---------+-------+---------
         Total |       0 |    1188 |   0.0 |       0 |     145 |   0.0 |  5494
               +---------+---------+-------+---------+---------+-------+---------
           D:1 |       0 |      17 |   0.0 |       0 |      12 |   0.0 |  1076
           D:2 |       0 |     151 |   0.0 |       0 |      49 |   0.0 |  1482
           D:3 |       0 |     417 |   0.0 |       0 |      40 |   0.0 |  1077
           D:4 |       0 |     205 |   0.0 |       0 |      17 |   0.0 |   845
           D:5 |       0 |     374 |   0.0 |       0 |      23 |   0.0 |   817
           D:6 |       0 |      24 |   0.0 |       0 |       4 |   0.0 |   108
               +---------+---------+-------+---------+---------+-------+---------
